AoeStats
← Wimdit

Arena

508844150Analyzed
1v1 RM · 8d ago on Sep 24, 2026· 55m 49s· 2 players
Game mode
Random Map
Map size
Tiny (2 player)
Population
200
Speed
Normal
Resources
Standard
Victory
Conquest
Starting age
Dark Age
Ending age
Imperial Age
RankedLock teamsTeams togetherTeam positionsShared explorationLock speedFull tech treeHidden civsTurbo modeCheats
Victory
Defeat
🇷🇺 Slavs · Russia
1223
+16
🇦🇺 Magyars · Australia
1225
-16
Raznochinny Decadent
11:02 Feudal Age
15:00 Castle Age
13:13 Double-Bit Axe
14:09 Horse Collar
18:18 Bow Saw
20:39 Heavy Plow
24:01 Wheelbarrow
24:52 Loom
24:53 Town Watch
28:23 Imperial Age
26:08 Scale Mail Armor
26:12 Gold Mining
27:06 Hand Cart
27:23 Chain Mail Armor
28:20 Forging
28:14 Pikeman
28:55 Squires
29:45 Iron Casting
30:02 Plate Mail Armor
30:07 Iron Casting
28:56 Capped Ram
29:56 Town Patrol
29:49 Siege Ram
30:06 Halberdier
32:55 Two-Man Saw
32:38 Crop Rotation
34:59 Blast Furnace
37:04 Conscription
38:39 Druzhina
40:26 Detinets
42:13 Heavy Scorpion
44:20 Ballistics
45:01 Chemistry
44:07 Siege Engineers
Wimdit
11:10 Feudal Age
15:16 Castle Age
13:05 Horse Collar
13:29 Double-Bit Axe
18:05 Wheelbarrow
20:18 Bow Saw
21:37 Heavy Plow
28:27 Imperial Age
26:24 Stone Mining
26:28 Gold Mining
27:40 Bloodlines
27:30 Husbandry
27:38 Scale Barding Armor
27:26 Fletching
27:38 Padded Archer Armor
28:56 Hand Cart
28:32 Loom
29:06 Bodkin Arrow
29:32 Chain Barding Armor
29:13 Light Cavalry
30:56 Conscription
29:59 Elite Magyar Huszar
32:07 Gold Shaft Mining
32:49 Plate Barding Armor
32:43 Corvinian Army
32:58 Thumb Ring
35:48 Parthian Tactics
35:14 Man-at-Arms
36:39 Long Swordsman
40:41 Chemistry
40:32 Two-Handed Swordsman
42:19 Scale Mail Armor
44:06 Ballistics
44:09 Chain Mail Armor
44:38 Town Watch
45:04 Champion
47:58 Bracer
50:46 Hoardings
Connection lost

Rejoining the realm…

Still unreachable

The connection could not be restored.

Session expired

The server has moved on; the page needs a fresh start.